 Dungeon Crawl Stone Soup version 0.30-a0-354-g6b83867211 (webtiles) character file.

Game seed: 12033657828097768317

281 bande the Covered (level 6, -1/38 HPs)
             Began as a Gargoyle Fighter on Nov 8, 2022.
             Slain by Duvessa
             ... wielding a +0 rapier
              (10 damage)
             ... on level 4 of the Dungeon.
             The game lasted 00:04:07 (2400 turns).

bande the Covered (Gargoyle Fighter)                Turns: 2400, Time: 00:04:08

Health: -1/38      AC: 13    Str: 19    XL:     6   Next: 27%
Magic:  6/6        EV:  9    Int:  9    God:
Gold:   214        SH:  4    Dex: 11    Spells: 5/5 levels left

rFire   . . .      SeeInvis +    a - +1 war axe
rCold   + . .      Faith    .    c - +0 buckler
rNeg    + . .      Spirit   .    b - +0 scale mail
rPois   ∞          Reflect  .    (no helmet)
rElec   +          Harm     .    (no cloak)
rCorr   .          Rampage  .    (no gloves)
Will    .....                    n - +1 pair of boots
Stlth   ..........               (no amulet)
HPRegen 0.26/turn                l - ring of protection from cold
MPRegen 0.10/turn                q - ring of see invisible

@: no status effects
A: sickness immunity, AC +4, negative energy resistance 1, electricity
resistance, torment resistance 1, petrification resistance
a: no special abilities


You were on level 4 of the Dungeon.
You visited 1 branch of the dungeon, and saw 4 of its levels.

You collected 214 gold pieces.

Inventory:

Hand Weapons
 a - a +1 war axe (weapon)
Armour
 b - a +0 scale mail (worn)
 c - a +0 buckler (worn)
 n - a +1 pair of boots (worn)
Jewellery
 l - a ring of protection from cold (left hand)
 q - a ring of see invisible (right hand)
Wands
 k - a wand of mindburst (10)
 o - a wand of light (3)
Scrolls
 f - a scroll of magic mapping
Potions
 d - 2 potions of might
 e - 2 potions of ambrosia
 g - a potion of resistance {unknown}
 h - 2 potions of cancellation {unknown}
 i - 3 potions of mutation {unknown}
 j - 3 potions of curing {unknown}


   Skills:
 + Level 4.3 Fighting
 + Level 3.8 Axes
 + Level 4.3 Armour
 - Level 0.2 Dodging
 + Level 3.9 Shields
 * Level 1.5 Evocations


You had 5 spell levels left.
You didn't know any spells.
Your spell library contained the following spells:

 Spells                   Type           Power      Damage    Failure   Level
 Dazzling Flash           Conj/Hex       0%         N/A       99%         3
 Stone Arrow              Conj/Erth      0%         3d7       99%         3
 Animate Armour           Summ/Erth      0%         N/A       100%        4
 Iskenderun's Mystic Bla  Conj/Tloc      0%         2d3       100%        4
 Starburst                Conj/Fire      0%         6d3       100%        6
 Malign Gateway           Summ/Tloc      0%         N/A       100%        7
 Lehudib's Crystal Spear  Conj/Erth      0%         10d2      100%        8
 Summon Horrible Things   Summ           0%         N/A       100%        8


Dungeon Overview and Level Annotations

Branches:
Dungeon (4/15)
 Temple: D:4-7

Altars:

Shops:
D:2 ?   D:3 :

Annotations:
D:4 Dowan, Duvessa


Innate Abilities, Weirdness & Mutations

You are immune to sickness and miasma.
Your stone body is resilient. (AC +4)
You are immune to poison.
You resist negative energy. (rN+)
You are resistant to electric shocks. (rElec)
You are resistant to unholy torment.
You are immune to petrification.


Message History

There is a dry fountain here.
Found Qenwaqae's Book Boutique.
Found a stone staircase leading up.
There is an entrance to Qenwaqae's Book Boutique here.
Found a morningstar.
You see here a +0 morningstar.
h - 2 coppery potions (gained 1)
Found a stone staircase leading down.
No target in view!
There is a stone staircase leading down here.
j - 3 cyan potions (gained 1) Done exploring.
Done exploring.
There is a stone staircase leading down here.
You climb downwards.
There is a stone staircase leading up here.
You open the door.
Duvessa and Dowan come into view.
Dowan is wielding a +2 dagger of speed and wearing a +0 robe of willpower.
Dowan shouts!
There are monsters nearby!
A ball python comes into view.
Found a whip and 9 gold pieces.
The ball python hisses angrily.
Dowan points at you and mumbles some strange words.
The puff of frost hits you. You resist.
Duvessa drinks a potion.
Duvessa seems to grow stronger.
There is an open door here.
Duvessa says, "Practise, practise, practise!
One day you'll be as good as me."
Dowan casts a spell at Duvessa.
Duvessa seems to speed up.
Dowan says, "Stay away from my face!"
Dowan mumbles some strange words.
Dowan blinks!
Duvessa hits you with a +0 rapier! Duvessa attacks as you move away!
Duvessa hits you with a +0 rapier. Duvessa hits you with a +0 rapier!
* * * LOW HITPOINT WARNING * * *
Duvessa hits you with a +0 rapier!
You die...

≈...≈...≈...
≈...≈§.≈≈..
§§....8... §
§≈≈.§..§.§≈§
§≈≈≈§...§§§§
§§§≈§≈S§≈§§
#'# #e## #####
#..#####.#<@.#
##.......#.#e#
#.#########.#
#.§...S.e.e.#
#############


You could see Duvessa (fast, strong).

Vanquished Creatures
  Pargi (D:3)
  A vampire bat (D:3)
  An iguana (D:3)
  5 adders
  An ufetubus (D:2)
  A worm (D:2)
  A dart slug (D:1)
  An orc (D:3)
  3 ball pythons
  2 endoplasms (D:2)
  3 giant cockroaches
  7 goblins
  5 hobgoblins
  4 jackals (D:3)
  3 kobolds
  3 quokkas
  12 bats
  4 frilled lizards
  4 rats
62 creatures vanquished.

Notes
Turn   | Place    | Note
-------+----------+-------------------------------------------
     0 | D:1      | bande the Gargoyle Fighter began the quest for the Orb.
     0 | D:1      | Reached XP level 1. HP: 14/14 MP: 1/1
   128 | D:1      | Reached XP level 2. HP: 12/19 MP: 2/2
   331 | D:1      | Found a faded altar of an unknown god.
   668 | D:2      | Found Petseum's Magic Scroll Shop.
   901 | D:2      | Reached XP level 3. HP: 24/24 MP: 3/3
  1303 | D:2      | Reached XP level 4. HP: 22/29 MP: 4/4
  1574 | D:3      | Noticed Pargi
  1595 | D:3      | Reached XP level 5. HP: 30/33 MP: 5/5
  1616 | D:3      | Killed Pargi
  1617 | D:3      | Reached skill level 1 in Evocations
  1617 | D:3      | Reached XP level 6. HP: 30/38 MP: 6/6
  2136 | D:3      | Found Qenwaqae's Book Boutique.
  2381 | D:4      | Noticed Duvessa
  2381 | D:4      | Noticed Dowan
  2400 | D:4      | Slain by Duvessa

Illustrated notes

Levels and vault maps discovered:
D:1:      mrwooster_arrival_arrow, layout_rooms,
          shapermc_ecumenical_altar_mp_vishouse
D:2:      layout_loops_ring, serial_shops, shop_statue,
          chequers_serial_rivers_micro_d, minmay_tripent
D:3:      layout_loops_ring, serial_shops, shop, roderic_batcave,
          nicolae_hexahallways, nicolae_concentric_dashed_squares_mild,
          st_stairs_1, chequers_hall_statues_y, uniq_pargi
D:4:      layout_basic, kennysheep_generic_room_2, uniq_duvessa

Skill      XL: |  1  2  3  4  5 |
---------------+----------------+-----
Axes           | 2 3 |  3.8
Fighting       | 4 |  4.3
Armour         | 4 |  4.3
Evocations     | 1 |  1.5
Dodging        | |  0.2
Shields        | |  3.9

Action                   |  1- 3 |  4- 6 || total
-------------------------+-------+-------++-------
Melee: War axe           |   104 |   104 ||   208
  Use: Scroll            |     6 |     2 ||     8
Armor: Scale mail        |    64 |    97 ||   161
Dodge: Dodged            |    71 |    90 ||   161
Block: Buckler           |    23 |    39 ||    62

Table legend: (Time is in decaauts)
 A = Elapsed time spent in this place.
 B = Non-inter-level travel time spent in this place.
 C = Inter-level travel time spent in this place.
 D = Time resting spent in this place.
 E = Time spent auto-exploring this place.
 F = Levels seen in this place.
 G = Mean time per level.
                   A        B        C        D        E       F      G
               +--------+--------+--------+--------+--------+-----+--------+
         Total |   2483 |   2462 |     21 |    172 |   1719 |   4 |  620.8 |
       Dungeon |   2483 |   2462 |     21 |    172 |   1719 |   4 |  620.8 |
               +--------+--------+--------+--------+--------+-----+--------+

Top non-repeatable levels by time:
     D:3: 1011 daAuts
     D:2: 741 daAuts
     D:1: 692 daAuts
     D:4: 37 daAuts
